 Dungeon Crawl Stone Soup version 0.24.0-29-g8ce449bc06 (webtiles) character file.

Game seed: 8497654556519344121, levelgen mode: deterministic

5831 Mesmaeker13 the Destroyer (level 10, -7/62 HPs)
             Began as a Black Draconian Conjurer on Nov 13, 2019.
             Was an Initiate of Hepliaklqana.
             Mangled by a manticore (12 damage)
             ... on level 10 of the Dungeon.
             The game lasted 00:19:59 (13916 turns).

Mesmaeker13 the Destroyer (DrCj)                   Turns: 13916, Time: 00:20:00

Health: -7/62      AC: 11    Str: 11    XL:     10   Next: 51%
Magic:  7/16       EV: 14    Int: 18    God:    Hepliaklqana [......]
Gold:   479        SH:  9    Dex: 12    Spells: 8/17 levels left

rFire    + . .     SeeInvis .   g - +4 dagger
rCold    . . .     Gourm    .   n - +0 shield
rNeg     . . .     Faith    .   (armour unavailable)
rPois    .         Spirit   .   (helmet restricted)
rElec    +         Reflect  .   l - +0 cloak
rCorr    .         Harm     .   (no gloves)
MR       +....                  x - +2 pair of boots
Stlth    ++........             j - amulet of magic regeneration
HPRegen  0.20/turn              D - ring of protection from fire
MPRegen  0.40/turn              y - ring of protection from magic

@: no status effects
A: breathe lightning, unfitting armour, reduced essence, electricity resistance,
cold-blooded, AC +7
a: Breathe Lightning, Recall Ancestor, Ancestor Identity, Renounce Religion


You were on level 10 of the Dungeon.
You worshipped Hepliaklqana.
Hepliaklqana was noncommittal.
You were not hungry.

You visited 2 branches of the dungeon, and saw 11 of its levels.

You collected 545 gold pieces.
You spent 66 gold pieces at shops.

Inventory:

Hand Weapons
 g - a +4 dagger (weapon)
 u - a +1 halberd of venom
Missiles
 e - 6 poisoned darts (quivered)
 z - 5 javelins
Armour
 l - a +0 cloak (worn)
 n - a +0 shield (worn)
 x - a +2 pair of boots (worn)
Magical Staves
 h - an uncursed staff of poison
Jewellery
 j - an amulet of magic regeneration (around neck)
 y - a ring of protection from magic (right hand)
 D - a ring of protection from fire (left hand)
Scrolls
 a - 4 scrolls of immolation
 d - 3 scrolls of remove curse
 f - 3 scrolls of enchant weapon
 i - 4 scrolls of teleportation
 k - a scroll of amnesia {unknown}
 o - 2 scrolls of blinking
 r - 2 scrolls of random uselessness {unknown}
 s - a scroll of magic mapping {unknown}
 B - a scroll of enchant armour
 C - a scroll of torment {unknown}
Potions
 c - 3 potions of cancellation
 p - 2 potions of agility
 q - a potion of flight {unknown}
 t - a potion of magic {unknown}
 v - 3 potions of might
 w - 2 potions of curing
 A - a potion of mutation {unknown}
Comestibles
 b - 20 rations


   Skills:
 + Level 8.2 Dodging
 - Level 1.7 Stealth
 + Level 4.8 Shields
 - Level 4.3 Spellcasting
 + Level 8.6 Conjurations
 - Level 5.0 Hexes
 + Level 5.7 Air Magic
 - Level 4.0 Poison Magic


You had 8 spell levels left.
You knew the following spells:

 Your Spells              Type           Power        Failure   Level  Hunger
a - Magic Dart            Conj           ####         1%          1    None
b - Searing Ray           Conj           #####.       2%          2    ##.....
c - Dazzling Spray        Conj/Hex       ####..       10%         3    ###....
d - Mephitic Cloud        Conj/Pois/Air  ####....     13%         3    ###....

Your spell library contained the following spells:

 Spells                   Type           Power        Failure   Level  Hunger
 Slow                     Hex            ###.....     10%         2    ##.....
 Iskenderun's Mystic Bla  Conj           #####...     16%         4    ####...
 Conjure Flame            Conj/Fire      ###.....     26%         3    ###....
 Fulminant Prism          Conj/Hex       ####......   30%         4    ####...
 Blink                    Tloc           N/A          63%         2    ##.....
 Call Imp                 Summ           #.......     63%         2    ##.....
 Force Lance              Conj/Tloc      ###.....     65%         4    ####...


Dungeon Overview and Level Annotations

Branches:
Dungeon (10/15)            Temple (1/1) D:7
   Lair: D:8-11         Orc: D:9-12

Altars:
Ashenzari
Cheibriados
Dithmenos
Elyvilon
Fedhas
Gozag
Hepliaklqana
Kikubaaqudgha
Makhleb
Nemelex Xobeh
Okawaru
Qazlal
Ru
Sif Muna
Trog
Uskayaw
Vehumet
Wu Jian
Xom
Yredelemnul
Zin
The Shining One

Shops:
D:6 ?


Innate Abilities, Weirdness & Mutations

You can breathe wild blasts of lightning.
Your glossy black scales are hard. (AC +7)
You cannot fit into any form of body armour.
You are resistant to electric shocks. (rElec)
You are cold-blooded and may be slowed by cold attacks.
Your life essence is reduced to manifest your ancestor. (-10% HP)


Message History

The searing ray hits the manticore!
The manticore is severely wounded.
The manticore closely misses you. The manticore claws you.
The manticore barely misses you. Ælfthryth barely misses the manticore.
The searing ray hits the manticore!
The manticore is almost dead.
You finish channeling your searing ray.
The manticore bites you!
* * * LOW HITPOINT WARNING * * *
The manticore barely misses you.
You block the manticore's attack. Ælfthryth hits the manticore.
Casting: Searing Ray (safe; 2% risk of failure)
Confirm with . or Enter, or press ? or * to list all spells.
Aiming: Searing Ray (safe; 2% risk of failure)
Press: ? - help, Shift-Dir - straight line, f/p - manticore
Aim: a manticore (almost dead)
The searing ray hits the manticore but does no damage.
The manticore is almost dead. (Press . to maintain the ray.)
The manticore bites you!
You die...

..........##.
............. .[
.......###....##...
...##..##.........#
......>...........##
.###.....#..#......
...<..#..#..#... .####
.##............##....###
.##...####......@H.....#
.#....#.###.....R....###
.........##...#.###...#
..............#.# ..#
..$.>........#### ##
..............#
......######### ......#
......#


You could see the friendly Ælfthryth the ancestor and a manticore.

Vanquished Creatures
  2 two-headed ogres (D:9)
  2 hippogriffs (D:9)
  2 swamp worms (D:7)
  A hornet zombie (D:9)
  3 ice beasts
  A black bear (D:9)
  2 necrophages (D:7)
  3 orc warriors
  4 sky beasts
  4 ogres
  2 phantoms
  3 centaurs
  2 big kobolds (D:8)
  4 bullfrogs
  11 killer bees
  3 crimson imps
  A centaur zombie (D:4)
  2 hounds (D:7)
  5 orc priests
  2 bullfrog skeletons
  5 orc wizards
  A centaur skeleton (D:4)
  2 iguanas
  Natasha (thrice) (D:4)
  3 worker ants
  4 hound zombies
  A hound skeleton (D:4)
  16 adders
  5 gnolls
  A howler monkey skeleton (D:8)
  A shadow imp (D:7)
  3 oozes
  2 worms
  A dart slug (D:3)
  2 leopard geckos
  26 orcs
  4 bats
  2 giant cockroaches
  11 goblins
  12 hobgoblins
  7 jackals
  4 quokkas
  3 ball pythons
  8 frilled lizards
  19 kobolds
  6 rats
211 creatures vanquished.

Vanquished Creatures (collateral kills)
  2 hound zombies (D:9)
2 creatures vanquished.

Vanquished Creatures (others)
  An ancestor (D:9)
  2 plants (D:7)
3 creatures vanquished.

Grand Total: 216 creatures vanquished

Notes
Turn   | Place    | Note
-------+----------+-------------------------------------------
     0 | D:1      | Mesmaeker13 the Draconian Conjurer began the quest for the
                  | Orb.
     0 | D:1      | Reached XP level 1. HP: 14/14 MP: 3/3
   303 | D:1      | Reached XP level 2. HP: 20/20 MP: 0/5
  1149 | D:2      | Reached XP level 3. HP: 26/26 MP: 3/6
  1153 | D:2      | Learned a level 2 spell: Searing Ray
  2161 | D:3      | Reached XP level 4. HP: 26/33 MP: 2/8
  2265 | D:3      | Found a faded altar of an unknown god.
  3015 | D:3      | Reached XP level 5. HP: 38/38 MP: 3/9
  3301 | D:3      | Reached skill level 5 in Conjurations
  3446 | D:3      | Found a white marble altar of Elyvilon.
  4059 | D:4      | Noticed Natasha
  4062 | D:4      | Killed Natasha
  4172 | D:4      | Found a glowing golden altar of the Shining One.
  4214 | D:4      | Learned a level 3 spell: Dazzling Spray
  4425 | D:4      | Reached XP level 6. HP: 45/45 MP: 4/11
  4562 | D:4      | Noticed Natasha
  4567 | D:4      | Killed Natasha
  4571 | D:4      | Noticed Natasha
  4593 | D:4      | Killed Natasha
  5421 | D:5      | Entered Level 5 of the Dungeon
  5425 | D:5      | Found a radiant altar of Vehumet.
  5778 | D:5      | Found an ornate altar of the Wu Jian Council.
  5814 | D:5      | Your scales start taking on a glossy black colour.
  5814 | D:5      | Reached XP level 7. HP: 50/50 MP: 4/13
  5814 | D:5      | Gained mutation: You are resistant to electric shocks.
                  | (rElec) [Black Draconian growth]
  6160 | D:6      | Reached skill level 1 in Hexes
  6511 | D:6      | Found an iron altar of Okawaru.
  6710 | D:6      | Reached skill level 5 in Dodging
  6886 | D:6      | Reached XP level 8. HP: 57/57 MP: 14/14
  7463 | D:6      | Found Nyul's Magic Scroll Boutique.
  7466 | D:6      | Bought a scroll of fear for 42 gold pieces
  7466 | D:6      | Bought a scroll of identify for 24 gold pieces
  7964 | D:7      | Found a staircase to the Ecumenical Temple.
  8388 | D:7      | Learned a level 3 spell: Mephitic Cloud
  8406 | Temple   | Entered the Ecumenical Temple
  8818 | D:7      | Reached XP level 9. HP: 51/62 MP: 7/15
  9504 | D:7      | Reached skill level 5 in Hexes
 10089 | D:8      | Reached skill level 1 in Air Magic
 10092 | D:8      | Reached skill level 1 in Shields
 10092 | D:8      | Reached skill level 1 in Poison Magic
 10658 | D:8      | Found a bloodstained altar of Trog.
 10768 | D:8      | Found a blossoming altar of Fedhas.
 11139 | D:8      | Found a shadowy altar of Dithmenos.
 11767 | D:8      | Found a stormy altar of Qazlal.
 12060 | D:9      | Reached XP level 10. HP: 45/69 MP: 8/16
 12259 | D:9      | Noticed a two-headed ogre
 12312 | D:9      | Killed a two-headed ogre
 12373 | D:9      | Found a sparkling altar of Nemelex Xobeh.
 12418 | D:9      | Found a sacrificial altar of Ru.
 12817 | D:9      | Found a shimmering blue altar of Sif Muna.
 12820 | D:9      | Found a hazy altar of Hepliaklqana.
 12825 | D:9      | Became a worshipper of Hepliaklqana the Forgotten
 12827 | D:9      | Noticed a two-headed ogre
 12848 | D:9      | Killed a two-headed ogre
 12848 | D:9      | Reached skill level 5 in Air Magic
 13779 | D:9      | Found a sparkling altar of Nemelex Xobeh.
 13859 | D:10     | Entered Level 10 of the Dungeon
 13893 | D:10     | Noticed a gargoyle
 13904 | D:10     | Noticed a manticore
 13916 | D:10     | Mangled by a manticore

Levels and vault maps discovered:
D:1:      tarquinn_simple_flora_water_a, layout_basic
D:2:      layout_loops_cross, first_ration, chequers_jeans,
          minmay_close_crescents
D:3:      wad_river_or_something, layout_basic,
          chequers_ecumenical_altar_simple, dk_vineyard_1, elyvilon_altar_5
D:4:      layout_rooms, overflow_temple_1_default, uniq_natasha
D:5:      layout_loops_cross, kennysheep_little_box, vehumet_crystals,
          eino_small_chamber_without_monster
D:6:      layout_basic, serial_shops, kennysheep_mini, okawaru_altar_gauntlet_db
D:7:      layout_basic, minmay_temple_entry_statues_pillars, grunt_ogre_cave,
          worms_lemuel
D:8:      layout_rooms, lemuel_crystal_altar, grunt_dithmenos_shadows,
          basic_altar, fedhas_bush_and_centaur_altar
D:9:      layout_roguey, overflow_temple_1_default, nemelex_altar_shiori,
          lemuel_crystal_altar, nicolae_ru_awakened_eye,
          nemelex_diamond_rough_becter
D:10:     kennysheep_kobold_lugonu_temple, layout_cave_pools, hiddenorc1_lemuel,
          biasface_ghost_orc_armoury, hangedman_decor_points, uniq_fannar
Temple:   oiseaux_autumnal_temple

Skill      XL: |  1  2  3  4  5  6  7  8  9 10 |
---------------+-------------------------------+-----
Dodging        | 2 3 4 5 6 7 8 |  8.2
Spellcasting   | 3 4 |  4.3
Conjurations   | 5 6 7 8 |  8.6
Hexes          | 2 4 5 |  5.0
Air Magic      | 4 5 |  5.7
Shields        | 3 4 |  4.8
Poison Magic   | 3 4 |  4.0
Stealth        | |  1.7

Action                   |  1- 3 |  4- 6 |  7- 9 | 10-12 || total
-------------------------+-------+-------+-------+-------++-------
Melee: Unarmed           |    26 |       |       |       ||    26
       Tailslap          |     3 |     4 |     5 |     7 ||    19
       Dagger            |    19 |    47 |    59 |    27 ||   152
       Halberd           |       |    23 |    24 |       ||    47
Throw: Throwing net      |       |       |     1 |       ||     1
       Dart              |       |       |       |     1 ||     1
 Cast: Magic Dart        |    63 |   120 |   170 |    10 ||   363
       Searing Ray       |     2 |     9 |    34 |    13 ||    58
       Mephitic Cloud    |       |       |     2 |     6 ||     8
       Dazzling Spray    |       |       |     1 |       ||     1
 Abil: Breathe Lightning |       |       |     8 |       ||     8
Evoke: Wand              |       |     6 |    17 |     1 ||    24
  Use: Scroll            |     4 |     1 |     8 |     1 ||    14
       Potion            |       |       |     2 |       ||     2
 Stab: Sleeping          |       |     1 |     3 |     1 ||     5
       Confused          |       |       |       |     1 ||     1
  Eat: Chunk             |     4 |    12 |    33 |       ||    49
       Ration            |       |       |     1 |       ||     1
Armor: Skin              |    10 |    14 |    63 |    26 ||   113
Dodge: Dodged            |    41 |    56 |   188 |    57 ||   342
Block: Shield            |       |       |       |    26 ||    26
